 Dungeon Crawl Stone Soup version 0.25.1-8-g42b30a86e7 (webtiles) character file.

Game seed: 8462804408048016488

1510 Abzac the Tainter (level 8, -4/52 HPs)
             Began as a Merfolk Venom Mage on Dec 19, 2020.
             Was an Initiate of Gozag.
             Slain by an ogre
             ... wielding a +0 giant club
              (6 damage)
             ... on level 7 of the Dungeon.
             The game lasted 00:38:05 (8969 turns).

Abzac the Tainter (Merfolk Venom Mage)              Turns: 8969, Time: 00:38:06

Health: -4/52      AC:  5    Str: 10    XL:     8   Next: 83%
Magic:  13/13      EV: 15    Int: 15    God:    Gozag
Gold:   27         SH:  0    Dex: 14    Spells: 6/13 levels left

rFire    . . .     SeeInvis .   f - +0 dagger
rCold    . . .     Gourm    .   (no shield)
rNeg     . . .     Faith    .   g - +1 robe {MR+}
rPois    .         Spirit   .   (no helmet)
rElec    .         Reflect  .   (no cloak)
rCorr    .         Harm     .   (no gloves)
MR       +....                  h - +1 pair of boots
Stlth    ++........             (no amulet)
HPRegen  0.17/turn              (no ring)
MPRegen  0.13/turn              (no ring)

@: stab
A: change form in water, swift swim, stealthy swim
a: Potion Petition, Call Merchant, Bribe Branch, Renounce Religion


You were on level 7 of the Dungeon.
You worshipped Gozag.
Gozag was noncommittal.
You were not hungry.

You visited 2 branches of the dungeon, and saw 8 of its levels.

You collected 919 gold pieces.
You spent 240 gold pieces at shops.
You paid 652 gold pieces to Gozag.

Inventory:

Hand Weapons
 f - a +0 dagger (weapon)
Armour
 a - a +0 robe
 e - a +1 plate armour of fire resistance
 g - a +1 robe of magic resistance (worn)
 h - a +1 pair of boots (worn)
Jewellery
 v - a +6 ring of dexterity
Wands
 n - a wand of random effects (20)
 y - a wand of digging (4)
 z - a wand of polymorph (13)
Scrolls
 i - 3 scrolls of remove curse
 k - 3 scrolls of fear
 m - a scroll of enchant weapon {unknown}
 q - 3 scrolls of amnesia
 r - a scroll of random uselessness {unknown}
 s - 3 scrolls of teleportation {unknown}
 w - a scroll of immolation {unknown}
 x - a scroll of enchant armour {unknown}
Potions
 b - a potion of berserk rage {unknown}
 d - a potion of heal wounds
 j - a potion of stabbing {unknown}
 l - a potion of experience {unknown}
 o - a potion of cancellation
 p - a potion of flight {unknown}
 t - a potion of magic {unknown}
 u - a potion of brilliance {unknown}
Comestibles
 c - 7 rations


   Skills:
 - Level 2.0 Short Blades
 - Level 5.0 Dodging
 - Level 2.1 Stealth
 + Level 3.3 Spellcasting
 - Level 3.1 Transmutations
 - Level 3.1 Air Magic
 * Level 9.6 Poison Magic


You had 6 spell levels left.
You knew the following spells:

 Your Spells              Type           Power        Failure   Level  Hunger
a - Sting                 Tmut/Pois      ###.         1%          1    None
b - Poisonous Vapours     Pois/Air       ###...       1%          2    ##.....
c - Olgreb's Toxic Radia  Pois           ####....     3%          4    ####...

Your spell library contained the following spells:

 Spells                   Type           Power        Failure   Level  Hunger
 Ignite Poison            Fire/Tmut/Pois ###.....     10%         3    ###....
 Mephitic Cloud           Conj/Pois/Air  ###.....     10%         3    ###....
 Corona                   Hex            #......      19%         1    None
 Ensorcelled Hibernation  Hex/Ice        #.....       28%         2    ##.....
 Confusing Touch          Hex            #.......     50%         3    ###....
 Dazzling Flash           Conj/Hex       #.....       50%         3    ###....
 Tukima's Dance           Hex            #.......     50%         3    ###....


Dungeon Overview and Level Annotations

Branches:
Dungeon (7/15)             Temple (1/1) D:4

Altars:
Ashenzari
Cheibriados
Dithmenos
Fedhas
Gozag
Hepliaklqana
Kikubaaqudgha
Nemelex Xobeh
Okawaru
Qazlal
Ru
Sif Muna
Trog
Uskayaw
Vehumet
Wu Jian
Yredelemnul
Zin
The Shining One

Shops:
D:6 %


Message History

The howler monkey hoots and howls with incredible vigour!
The bullfrog hits you but does no damage.
The howler monkey hoots and howls with incredible vigour!
You hit the ogre.
The ogre is lightly wounded.
The bullfrog hits you. The ogre completely misses you.
The howler monkey barely misses you.
You hit the ogre.
The ogre is moderately wounded.
The bullfrog closely misses you. The howler monkey misses you.
The ogre hits you with a +0 giant club!!
* * * LOW HITPOINT WARNING * * *
The howler monkey misses you. The bullfrog closely misses you.
The howler monkey barely misses you. The bullfrog hits you.
* * * LOW HITPOINT WARNING * * *
The howler monkey completely misses you.
The ogre hits you with a +0 giant club.
You die...
Your body crumbles into a pile of gold.

...... ......
...... #####......
###%.........
####............
##.......O....# .
##.......@hh..##..
#..<.....hF.....?.
##................#
#......).........##
#...............##
#..............##
#..............##
#.............##
#............##


You could see an ogre, a bullfrog and 3 howler monkeys.

Vanquished Creatures
  An orc warrior (D:4)
  2 ogres (D:5)
  5 big kobolds (D:5)
  2 scorpions
  A howler monkey (D:4)
  2 crimson imps
  3 hounds
  2 orc priests (D:4)
  2 bullfrog skeletons (D:4)
  A centaur skeleton (D:4)
  4 orc wizards
  Jessica (D:2)
  An iguana (D:5)
  6 gnolls (D:5)
  7 adders
  A shadow imp (D:5)
  An ooze (D:2)
  5 worms
  A dart slug (D:1)
  3 leopard geckos
  15 orcs
  A ball python (D:1)
  5 giant cockroaches
  34 hobgoblins
  8 jackals
  9 bats
  5 frilled lizards
  32 goblins
  9 kobolds
  7 rats
176 creatures vanquished.

Vanquished Creatures (others)
  A centaur skeleton (D:4)
  3 orcs (D:4)
4 creatures vanquished.

Grand Total: 180 creatures vanquished

Notes
Turn   | Place    | Note
-------+----------+-------------------------------------------
     0 | D:1      | Abzac the Merfolk Venom Mage began the quest for the Orb.
     0 | D:1      | Reached XP level 1. HP: 13/13 MP: 3/3
   180 | D:1      | Reached XP level 2. HP: 13/19 MP: 0/5
  1251 | D:1      | Found a sparkling altar of Nemelex Xobeh.
  1344 | D:1      | Reached skill level 4 in Poison Magic
  1344 | D:1      | Reached XP level 3. HP: 24/24 MP: 4/6
  1948 | D:2      | Noticed Jessica
  1956 | D:2      | Killed Jessica
  1956 | D:2      | Reached XP level 4. HP: 30/30 MP: 4/8
  2040 | D:2      | Found a basalt altar of Yredelemnul.
  2044 | D:2      | Found a glowing golden altar of the Shining One.
  2046 | D:2      | Noticed an angel
  2185 | D:2      | Noticed a profane servitor
  2480 | D:3      | Found a snail-covered altar of Cheibriados.
  2558 | D:3      | Found a shattered altar of Ashenzari.
  2566 | D:3      | Found a snail-covered altar of Cheibriados.
  2566 | D:3      | Found an ornate altar of the Wu Jian Council.
  2578 | D:3      | Found a hazy altar of Hepliaklqana.
  2579 | D:3      | Found a radiant altar of Vehumet.
  2717 | D:3      | Reached skill level 5 in Poison Magic
  2717 | D:3      | Reached XP level 5. HP: 20/35 MP: 3/9
  2853 | D:2      | Learned a level 2 spell: Poisonous Vapours
  4011 | D:4      | Reached skill level 1 in Air Magic
  4011 | D:4      | Reached skill level 6 in Poison Magic
  4011 | D:4      | Reached XP level 6. HP: 39/41 MP: 7/10
  4392 | D:4      | Found a stormy altar of Qazlal.
  4393 | D:4      | Noticed an orc warrior
  4556 | D:5      | Entered Level 5 of the Dungeon
  4556 | D:5      | Found a shadowy altar of Dithmenos.
  5018 | D:4      | Reached skill level 7 in Poison Magic
  5018 | D:4      | Reached XP level 7. HP: 46/46 MP: 6/11
  5973 | D:4      | Found a staircase to the Ecumenical Temple.
  6083 | Temple   | Entered the Ecumenical Temple
  6221 | Temple   | Became a worshipper of Gozag Ym Sagoz the Greedy
  6735 | D:5      | Reached skill level 8 in Poison Magic
  6789 | D:5      | Reached skill level 1 in Short Blades
  6855 | D:5      | Reached XP level 8. HP: 52/52 MP: 6/12
  7214 | D:5      | Learned a level 2 spell: Poisonous Vapours
  7219 | D:5      | Learned a level 4 spell: Olgreb's Toxic Radiance
  7541 | D:5      | Reached skill level 9 in Poison Magic
  8114 | D:5      | Reached skill level 5 in Dodging
  8919 | D:6      | Bought a ration for 60 gold pieces
  8919 | D:6      | Bought a ration for 60 gold pieces
  8919 | D:6      | Bought a ration for 60 gold pieces
  8919 | D:6      | Bought a ration for 60 gold pieces
  8969 | D:7      | HP: 2/52 [bullfrog (5)]
  8969 | D:7      | Slain by an ogre

Illustrated notes

Levels and vault maps discovered:
D:1:      minmay_arrival_stair_chambers, layout_basic, nemelex_altar_shiori
D:2:      layout_rooms, grunt_temple_overflow_holy_war, uniq_jessica
D:3:      layout_basic, minitemple, hangedman_decor_clover_reticule,
          chequers_serial_rivers_room_a, cheibriados_altar_1
D:4:      layout_basic, lemuel_temple_firewalk_b, first_ration,
          chequers_big_river, grunt_qazlal_clouds
D:5:      minmay_goblin_kobold_castle, layout_cave_pods, grunt_dithmenos_smoke
D:6:      layout_basic
D:7:      layout_cave_pods, grunt_ogre_cave
Temple:   regret_index_temple_generic_petals

Skill      XL: |  1  2  3  4  5  6  7  8 |
---------------+-------------------------+-----
Transmutations | 2 3 |  3.1
Poison Magic   | 4 5 6 7 8 9 |  9.6
Dodging        | 3 5 |  5.0
Spellcasting   | 3 |  3.3
Air Magic      | 1 2 3 |  3.1
Short Blades   | 2 |  2.0
Stealth        | |  2.1

Action                   |  1- 3 |  4- 6 |  7- 9 || total
-------------------------+-------+-------+-------++-------
Melee: Unarmed           |     5 |       |       ||     5
       Dagger            |    20 |    44 |   242 ||   306
       Tailslap          |       |       |     6 ||     6
 Cast: Sting             |    48 |   123 |    69 ||   240
       Poisonous Vapours |       |     5 |    47 ||    52
       Olgreb's Toxic Ra |       |       |     7 ||     7
Invok: Potion Petition   |       |       |     1 ||     1
       Call Merchant     |       |       |     1 ||     1
  Use: Scroll            |       |     6 |     1 ||     7
  Eat: Chunk             |     4 |    10 |     1 ||    15
       Ration            |       |       |     5 ||     5
Armor: Robe              |    13 |    23 |    54 ||    90
Dodge: Dodged            |    36 |    69 |   198 ||   303
